 Dungeon Crawl Stone Soup version 0.30-a0-715-gdb4ae3ece1 (webtiles) character file.

Game seed: 17830559487273099394

49 Azfaa the Ducker (level 4, -1/27 HPs)
             Began as a Kobold Gladiator on Jan 23, 2023.
             Slain by a goblin
             ... wielding a +4 short sword of flaming
             ... led by Robin
              (5 damage)
             ... on level 2 of the Dungeon.
             The game lasted 00:04:25 (822 turns).

Azfaa the Ducker (Kobold Gladiator)                  Turns: 822, Time: 00:04:26

Health: -1/27      AC:  5    Str: 11    XL:     4   Next: 2%
Magic:  4/4        EV: 16    Int:  9    God:
Gold:   66         SH:  0    Dex: 18    Spells: 3/3 levels left

rFire   . . .      SeeInvis .    a - +0 trident
rCold   . . .      Faith    .    (shield currently unavailable)
rNeg    . . .      Spirit   .    b - +1 leather armour
rPois   .          Reflect  .    c - +0 helmet
rElec   .          Harm     .    (no cloak)
rCorr   .          Rampage  .    (no gloves)
Will    .....                    (no boots)
Stlth   +++                      (no amulet)
HPRegen 0.24/turn                (no ring)
MPRegen 0.09/turn                (no ring)

@: no status effects
A: small, no large weapons, nightstalker 3
a: no special abilities


You were on level 2 of the Dungeon.
You visited 1 branch of the dungeon, and saw 2 of its levels.

You collected 66 gold pieces.

Inventory:

Hand Weapons
 a - a +0 trident (weapon)
 f - a +0 hand axe
 g - a +0 short sword
 h - a +0 dagger
 i - a +0 dagger
 j - a +0 short sword
 k - a +0 hand axe
Missiles
 d - 3 throwing nets (quivered)
 e - 2 boomerangs
Armour
 b - a +1 leather armour (worn)
 c - a +0 helmet (worn)
 l - a +0 ring mail


   Skills:
 + Level 2.4 Fighting
 + Level 3.1 Polearms
 + Level 2.5 Throwing
 + Level 0.3 Armour
 + Level 4.1 Dodging
 + Level 1.0 Stealth


You had 3 spell levels left.
You didn't know any spells.
Your spell library contained the following spells:

 Spells                   Type           Power      Damage    Failure   Level
 Summon Guardian Golem    Hex/Summ       0%         N/A       85%         3
 Animate Armour           Summ/Erth      0%         N/A       99%         4
 Blade Hands              Tmut           0%         N/A       100%        5
 Iron Shot                Conj/Erth      0%         9d1       100%        6
 Orb of Destruction       Conj           0%         9d5       100%        7
 Spellforged Servitor     Conj/Summ      0%         N/A       100%        7


Dungeon Overview and Level Annotations

Branches:
Dungeon (2/15)

Altars:

Shops:
D:1 *

Annotations:
D:2 Robin


Innate Abilities, Weirdness & Mutations

You are small and have problems with some larger weapons.
You are completely attuned to the shadows.


Message History

You hit the goblin.
You kill the goblin!
The goblin closely misses you.
A hobgoblin comes into view.
You have reached level 4!
The hobgoblin shouts!
You puncture the goblin!
You kill the goblin!
Robin throws the goblin at you! The goblin closely misses you.
The goblin hits you with a +0 club.
The goblin hits you with a +4 short sword of flaming.
The goblin burns you. The goblin barely misses you.
Robin roars a battlecry!
The goblins go into a battle-frenzy!
Your Stealth skill increases to level 1!
You hit the goblin.
The goblin is severely wounded.
The goblin barely misses you. The goblin hits you with a +0 club.
You hit the goblin but do no damage.
The goblin is severely wounded.
The goblin closely misses you. The goblin misses you.
You hit the goblin.
The goblin is moderately wounded.
The goblin closely misses you. The goblin hits you but does no damage.
You barely miss the goblin.
The goblin is moderately wounded.
The goblin hits you with a +4 short sword of flaming.
The goblin burns you. The goblin hits you but does no damage.
You miss the goblin.
The goblin is severely wounded.
The goblin hits you with a +4 short sword of flaming.
* * * LOW HITPOINT WARNING * * *
The goblin burns you.
* * * LOW HITPOINT WARNING * * *
The goblin barely misses you.
You puncture the goblin!
You kill the goblin!
The goblin barely misses you.
The goblin hits you with a +4 short sword of flaming.
You die...

################
#..........)...#
#.############.#
#.# #.# #.# #.#
###.### #)#
#...††# #)#
#.###.# #)#
..###... #@#
.......#. #g#
.......# #g#
...... #S#
...... .g.
...... ......
...... .#.##


You could see Robin, an adder, a hobgoblin (strong) and a goblin (strong).

Vanquished Creatures
  2 adders (D:2)
  A worm (D:2)
  An endoplasm (D:1)
  A giant cockroach (D:1)
  6 goblins (D:2)
  3 hobgoblins
  6 kobolds
  2 quokkas (D:1)
  4 bats (D:1)
  2 frilled lizards (D:1)
28 creatures vanquished.

Vanquished Creatures (others)
  3 plants (D:1)
3 creatures vanquished.

Grand Total: 31 creatures vanquished

Notes
Turn   | Place    | Note
-------+----------+-------------------------------------------
     0 | D:1      | Azfaa the Kobold Gladiator began the quest for the Orb.
     0 | D:1      | Reached XP level 1. HP: 12/12 MP: 1/1
    28 | D:1      | Found Vulommamm's Assorted Antiques.
   190 | D:1      | Reached XP level 2. HP: 17/17 MP: 2/2
   493 | D:1      | Reached skill level 4 in Dodging
   623 | D:2      | Reached XP level 3. HP: 22/22 MP: 3/3
   812 | D:2      | Noticed Robin
   816 | D:2      | Reached XP level 4. HP: 27/27 MP: 4/4
   817 | D:2      | Reached skill level 1 in Stealth
   822 | D:2      | Slain by a goblin

Illustrated notes

Levels and vault maps discovered:
D:1:      lightli_arrival_flooded_house, layout_basic, serial_shops,
          nicolae_shop_overgrown_old_shop
D:2:      layout_loops_ring, nrook_loot_triangle, uniq_sigmund, uniq_robin,
          uniq_natasha

Skill      XL: |  1  2  3  4 |
---------------+-------------+-----
Dodging        | 4 |  4.1
Polearms       | 3 |  3.1
Stealth        | 1 |  1.0
Fighting       | |  2.4
Throwing       | |  2.5
Armour         | |  0.3

Action                     |  1- 3 |  4- 6 || total
---------------------------+-------+-------++-------
  Melee: Trident           |    94 |     7 ||   101
    Use: Scroll            |     2 |       ||     2
         Potion            |     1 |       ||     1
   Stab: Sleeping          |     6 |       ||     6
 Armour: Leather armour    |    35 |     3 ||    38
  Dodge: Dodged            |    90 |     8 ||    98

Table legend: (Time is in decaauts)
 A = Elapsed time spent in this place.
 B = Non-inter-level travel time spent in this place.
 C = Inter-level travel time spent in this place.
 D = Time resting spent in this place.
 E = Time spent auto-exploring this place.
 F = Levels seen in this place.
 G = Mean time per level.
                   A        B        C        D        E       F      G
               +--------+--------+--------+--------+--------+-----+--------+
         Total |    840 |    840 |      0 |     73 |     69 |   2 |  420.0 |
       Dungeon |    840 |    840 |      0 |     73 |     69 |   2 |  420.0 |
               +--------+--------+--------+--------+--------+-----+--------+

Top non-repeatable levels by time:
     D:1: 626 daAuts
     D:2: 213 daAuts
